 Dungeon Crawl Stone Soup version 0.24-a0-619-gb7544fd (webtiles) character file.

Game seed: 16277300464995913921, levelgen mode: deterministic

1523 COBRA the Cleaver (level 8, 0/76 HPs)
             Began as a Deep Dwarf Fighter on Sept 17, 2019.
             Was a Follower of Makhleb.
             Slain by a red devil
             ... wielding a +0 trident
             ... summoned by an orc high priest
              (4 damage)
             ... in a bailey.
             The game lasted 00:06:24 (1118 turns).

COBRA the Cleaver (Deep Dwarf Fighter)              Turns: 1118, Time: 00:06:25

Health: 0/76       AC:  9    Str: 20    XL:     8   Next: 54%
Magic:  4/4        EV: 12    Int:  9    God:    Makhleb [*.....]
Gold:   108        SH: 10    Dex: 19    Spells: 7/7 levels left

rFire    . . .     SeeInvis +   a - +0 war axe
rCold    . . .     Gourm    .   c - +0 shield
rNeg     . . .     Faith    .   b - +0 scale mail
rPois    .         Spirit   .   (no helmet)
rElec    .         Reflect  .   (no cloak)
rCorr    .         Harm     .   (no gloves)
MR       +....                  (no boots)
Stlth    +.........             (no amulet)
HPRegen  0.00/turn              j - ring of see invisible
MPRegen  0.09/turn              l - +3 ring of protection (curse)

@: agile, non-regenerating, hasted, very quick
A: damage resistance, heal wounds, sense surroundings 1, no regeneration
a: Heal Wounds, Renounce Religion


You were in a bailey.
You worshipped Makhleb.
Makhleb was aware of your devotion.
You were very hungry.

You visited 2 branches of the dungeon, and saw 9 of its levels.
You also visited: Bailey.

You collected 108 gold pieces.

Inventory:

Hand Weapons
 a - a +0 war axe (weapon)
 d - a +1 flail of crushing
Armour
 b - a +0 scale mail (worn)
 c - a +0 shield (worn)
 k - a +0 plate armour
Jewellery
 j - a ring of see invisible (left hand)
 l - a cursed +3 ring of protection (right hand)
Scrolls
 e - a scroll of remove curse
Potions
 g - a potion of agility
 h - a potion of curing {unknown}
 i - a potion of haste
 m - a potion of cancellation {unknown}
Comestibles
 f - 7 rations


   Skills:
 * Level 5.9 Fighting
 - Level 10.1 Axes
 - Level 3.2 Armour
 - Level 3.2 Shields


You had 7 spell levels left.
You didn't know any spells.
Your spell library was empty.

Dungeon Overview and Level Annotations

Branches:
Dungeon (8/15)             Temple (1/1) D:5          Bailey (1/1)
   Lair: D:8-11

Altars:
Ashenzari
Cheibriados
Dithmenos
Elyvilon
Fedhas
Gozag
Kikubaaqudgha
Makhleb
Nemelex Xobeh
Okawaru
Qazlal
Sif Muna
Trog
Uskayaw
Wu Jian
Xom
Yredelemnul
Zin
The Shining One


Innate Abilities, Weirdness & Mutations

You are resistant to damage.
You can heal yourself by infusing magical energy.
You passively map a small area around you.
You do not regenerate.


Message History

You hit the sun demon.
The red devil hits you from afar with a +0 trident!
The red devil barely misses you.
The orc high priest hits you with a +0 war axe!
The sun demon hits you!
You are engulfed in flames!
You hit the orc high priest but do no damage.
The orc high priest is severely wounded.
You hit the sun demon.
The red devil hits you from afar with a +0 demon trident of electrocution!
* * * LOW HITPOINT WARNING * * *
The red devil hits you but does no damage.
Your magical essence is drained by the effort!
You feel much better. You block the sun demon's attack.
You block the orc high priest's attack.
You fail to use your ability.
The sun demon hits you!
* * * LOW HITPOINT WARNING * * *
You are engulfed in flames!
* * * LOW HITPOINT WARNING * * *
The red devil hits you from afar with a +0 trident.
You die...

+ ,#### ≈≈ ,
#..% , , ≈ ,
+..%, , * ≈ *
#######
.......#+## ,
,._.......4+ ≈
........8.# ≈ *
,,, ......4)@o#
*#######38.# *
#######..)..#,
≈ ,
#.....#...8.#
≈≈
#.....#.....#,≈
,,#..⌠..#..####
* , +.....'..#
, +.....'..# ,
* ≈ ≈
,#####)))#####
* * ≈ ≈


You could see an orc high priest, a sun demon and 2 red devils.

Vanquished Creatures
  A kobold demonologist (Bailey)
  An ice beast (D:5)
  4 orc warriors
  A sky beast (D:5)
  3 centaurs
  4 scorpions
  A quasit (D:7)
  A hound (D:6)
  2 jellies
  2 orc wizards (D:5)
  4 adders
  A shadow imp (D:5)
  A white imp (D:6)
  An ooze (D:1)
  A leopard gecko (D:7)
  12 orcs
  2 bats
  3 goblins
  2 hobgoblins
  3 jackals (D:7)
  3 kobolds
  A frilled lizard (D:5)
  A goblin zombie (D:6)
  3 kobold skeletons (D:6)
  A kobold zombie (D:6)
  An orc skeleton (D:6)
  2 orc zombies (D:6)
  3 rats
65 creatures vanquished.

Notes
Turn   | Place    | Note
-------+----------+-------------------------------------------
     0 | D:1      | COBRA the Deep Dwarf Fighter began the quest for the Orb.
     0 | D:1      | Reached XP level 1. HP: 20/20 MP: 1/1
    42 | D:1      | Reached skill level 3 in Axes
    42 | D:1      | Reached XP level 2. HP: 27/27 MP: 2/2
   265 | D:3      | Reached skill level 4 in Axes
   265 | D:3      | Reached XP level 3. HP: 31/33 MP: 3/3
   323 | D:5      | Entered Level 5 of the Dungeon
   341 | D:5      | Noticed an ice beast
   342 | D:5      | Noticed a sky beast
   348 | D:5      | Reached XP level 4. HP: 36/40 MP: 4/4
   350 | D:5      | Reached skill level 5 in Axes
   354 | D:5      | Killed an ice beast
   354 | D:5      | Reached skill level 6 in Axes
   354 | D:5      | Reached XP level 5. HP: 23/46 MP: 5/5
   354 | D:5      | Killed a sky beast
   354 | D:5      | Reached skill level 7 in Axes
   354 | D:5      | Reached XP level 6. HP: 27/55 MP: 6/6
   357 | D:5      | Noticed an orc warrior
   367 | D:5      | Killed an orc warrior
   367 | D:5      | Reached skill level 8 in Axes
   409 | D:5      | Found an ancient bone altar of Kikubaaqudgha.
   420 | D:5      | Reached XP level 7. HP: 38/61 MP: 7/7
   421 | D:5      | Found a staircase to the Ecumenical Temple.
   438 | D:5      | Reached skill level 9 in Axes
   466 | Temple   | Entered the Ecumenical Temple
   551 | Temple   | Became a worshipper of Makhleb the Destroyer
   705 | D:7      | Noticed a hippogriff
   804 | D:6      | Found a glowing golden altar of the Shining One.
   913 | D:7      | Reached * piety under Makhleb
   913 | D:7      | Reached skill level 10 in Axes
   991 | D:7      | Found a flagged portal.
  1014 | Bailey   | Entered a bailey
  1044 | Bailey   | Reached XP level 8. HP: 40/70 MP: 8/8
  1074 | Bailey   | Found an iron altar of Okawaru.
  1074 | Bailey   | Noticed a kobold demonologist
  1074 | Bailey   | Noticed an orc high priest
  1091 | Bailey   | Noticed a sun demon
  1093 | Bailey   | Noticed a red devil
  1101 | Bailey   | Noticed a red devil
  1101 | Bailey   | Noticed a sun demon
  1105 | Bailey   | Killed a kobold demonologist
  1105 | Bailey   | Reached skill level 5 in Fighting
  1118 | Bailey   | Slain by a red devil

Levels and vault maps discovered:
D:1:      scummos_arrival_star, layout_basic, serial_bayou_crossing
D:2:      layout_loops_corners
D:3:      layout_loops_corners, lemuel_crystal_altar, first_ration,
          chequers_serial_rivers_micro_d, kennysheep_small_spiral
D:4:      layout_loops_cross, uniq_eustachio
D:5:      layout_basic, kiku_gazebo_garden_becter, temple_fountains,
          serial_shops, shop, trog_three_pillars_becter
D:6:      layout_basic, gammafunk_temple_overflow_wave, basic_altar,
          nicolae_zen_rock_garden, st_stairs_4, nicolae_tso_besieged_by_evil
D:7:      layout_cave_pods, enter_bailey_2, serial_column_ruins,
          column_ruins_corridor_straight, column_ruins_columns_straight,
          column_ruins_open_tiny, column_ruins_grid_1, column_ruins_open_tiny,
          column_ruins_columns_corner
D:8:      layout_cave_pools, old_standard_altar, serial_shops, shop,
          david_nohive_1, amethyst_killhole
Temple:   minmay_crystal_spiral_temple
Bailey:   bailey_axe_of_yendor_kennysheep, bailey

Skill      XL: |  1  2  3  4  5  6  7  8 |
---------------+-------------------------+-----
Axes           | 3 4 6 7 8 10 | 10.1
Fighting       | 3 5 |  5.9
Armour         | |  3.2
Shields        | |  3.2

Action                   |  1- 3 |  4- 6 |  7- 9 || total
-------------------------+-------+-------+-------++-------
Melee: War axe           |    43 |    22 |   125 ||   190
 Abil: Heal Wounds       |       |     2 |    14 ||    16
  Use: Potion            |     1 |       |     3 ||     4
       Scroll            |       |       |     3 ||     3
Armor: Scale mail        |    22 |     7 |    50 ||    79
Dodge: Dodged            |    15 |     9 |    56 ||    80
Block: Shield            |    27 |    13 |    69 ||   109

Table legend:
 A = Non-vault XP
 B = Vault XP
 C = Vault XP percentage of total XP
 D = Non-vault monster count
 E = Vault monster count
 F = Vault count percentage of total count
                 A         B        C        D         E       F
            +---------+---------+-------+---------+---------+-------
      Total |    1376 |     800 |  36.8 |      46 |      19 |  29.2
            +---------+---------+-------+---------+---------+-------
        D:1 |      17 |       0 |   0.0 |       7 |       0 |   0.0
        D:2 |      14 |       0 |   0.0 |       2 |       0 |   0.0
        D:3 |      33 |       0 |   0.0 |       6 |       0 |   0.0
        D:4 |       3 |       0 |   0.0 |       1 |       0 |   0.0
        D:5 |     913 |       0 |   0.0 |      19 |       0 |   0.0
        D:6 |     197 |      18 |   8.4 |       3 |       9 |  75.0
        D:7 |     199 |       0 |   0.0 |       8 |       0 |   0.0
     Bailey |       0 |     782 | 100.0 |       0 |      10 | 100.0
            +---------+---------+-------+---------+---------+-------
